Gulls vs Condors
(R1)
Created - November 25, 2024 at 19:28
Goals
|
| Gulls |
0 |
2 |
1 |
0 |
1 |
3 |
| Condors |
3 |
0 |
0 |
0 |
2 |
4 |
|
Shots
|
| Gulls |
8 |
17 |
4 |
1 |
3 |
30 |
| Condors |
10 |
6 |
9 |
1 |
3 |
26 |
|
1st period
1. Condors , Alexandre Carrier 4 (Yegor Sharangovich 9, Adam Erne 15) at 10:34
2. Condors , Taro Hirose 2 (Cody Glass 5) at 16:44
3. Condors , Nick Shore 8 (Martin Frk 5, Alexandre Carrier 12) at 18:55 (PP)
Penalties :
Nick Shore (Bak) for Diving (Minor) at 6:44, Logan Brown (S.D) for Delaying the game (Minor) at 18:43, Yegor Sharangovich (Bak) for Tripping (Minor) at 19:18
2nd period
4. Gulls , Jakub Vrana 5 (Anton Blidh 6, Logan Brown 15) at 13:28 (PP)
5. Gulls , Mikhail Maltsev 3 (Dean Kukan 3, Andrei Mironov 2) at 19:05
Penalties :
Martin Frk (Bak) for Holding Stick (Minor) at 13:14, Markus Niemelainen (S.D) for High sticking (Minor) at 16:45
3rd period
6. Gulls , Jakub Vrana 6 (Anton Blidh 7, Connor Clifton 4) at 14:03
Penalties :
Luke Kunin (S.D) for Tripping (Minor) at 1:09, Raphael Lavoie (Bak) for Slashing (Minor) at 5:10, Barrett Hayton (S.D) for Holding (Minor) at 7:55, Alexander Alexeyev (Bak) for High sticking (Minor) at 14:11, Connor Hurley (Bak) for Holding Stick (Minor) at 19:03
Overtime #1
No Goal
Penalties :
No Penalty
Shootout
Gulls, Logan Brown - Shot Misses the Net
Condors, Adam Erne - Stopped by Louis Domingue
Gulls, Jakub Vrana - Goal!
Condors, Martin Frk - Goal!
Gulls, Scott Wilson - Stopped by Jaxson Stauber
Condors, Nick Shore - Goal!
Penalties :
No Penalty
Goalie Stats
Louis Domingue (S.D), 23 saves from 26 shots - (0.885), OTL, 5-5-3, 65:00 minutes
Jaxson Stauber (Bak), 27 saves from 30 shots - (0.900), W, 4-1-0, 65:00 minutes
Players Stats for Gulls
Player Name G A P +/- PIM S H SB GA TA FO MP PP MP PK MP
------------------------------------------------------------------------------------
Andrei Mironov 0 1 1 0 0 2 0 1 1 1 0/0 29:16 6:12 3:30
Anton Blidh 0 2 2 1 0 4 3 0 0 0 0/0 23:04 5:09 2:26
Barrett Hayton 0 0 0 0 2 1 0 1 0 0 0/1 7:18 0:00 0:09
Branden Troock 0 0 0 0 0 0 0 0 0 0 0/0 0:00 0:00 0:00
Connor Clifton 0 1 1 0 0 1 2 0 0 2 0/0 20:10 2:54 2:39
Dean Kukan 0 1 1 0 0 2 1 2 0 2 0/0 30:49 6:12 3:30
Dylan DeMelo 0 0 0 0 0 1 0 2 0 1 0/0 20:48 2:54 2:39
Francis Perron 0 0 0 0 0 0 0 0 0 0 0/0 0:25 0:00 0:13
Henri Ikonen 0 0 0 0 0 1 0 0 1 1 0/0 7:09 0:00 0:00
Jakub Vrana 2 0 2 1 0 3 3 2 2 0 0/2 24:28 5:09 3:29
Logan Brown 0 1 1 1 2 2 2 1 0 0 14/38 24:05 5:09 3:07
Luke Kunin 0 0 0 0 2 1 0 0 0 0 1/6 11:31 0:00 0:00
MacKenzie Entwistle 0 0 0 0 0 0 0 0 0 0 0/0 0:00 0:00 0:00
Markus Niemelainen 0 0 0 0 2 0 0 0 0 0 0/0 10:49 0:00 0:00
Mikhail Maltsev 1 0 1 0 0 1 2 0 0 0 0/0 10:55 0:00 0:00
Morgan Frost 0 0 0 -1 0 1 1 0 2 0 6/11 16:58 3:57 0:00
Nick Merkley 0 0 0 0 0 0 0 0 0 0 0/0 7:09 0:00 0:00
Pavel Dorofeyev 0 0 0 0 0 0 0 0 0 0 1/2 1:55 0:00 1:43
Ryan Collins 0 0 0 0 0 0 0 0 0 0 0/0 2:48 0:00 0:00
Scott Wilson 0 0 0 -1 0 2 2 0 1 0 2/2 19:25 3:57 1:11
Sergey Tolchinsky 0 0 0 -1 0 5 0 0 2 0 1/1 17:28 3:57 0:00
Tarmo Reunanen 0 0 0 0 0 1 1 1 0 0 0/0 11:55 0:00 0:00
Taylor Leier 0 0 0 0 0 0 0 0 0 0 0/0 0:00 0:00 0:00
Troy Terry 0 0 0 0 0 2 0 0 0 1 0/0 11:47 0:00 0:00
Zack MacEwen 0 0 0 0 0 0 0 0 0 0 0/0 0:00 0:00 0:00
Players Stats for Condors
Player Name G A P +/- PIM S H SB GA TA FO MP PP MP PK MP
------------------------------------------------------------------------------------
Adam Erne 0 1 1 1 0 4 3 2 1 1 1/4 23:52 3:25 5:33
Alexander Alexeyev 0 0 0 1 2 0 4 0 0 0 0/0 20:37 3:13 2:26
Alexandre Carrier 1 1 2 -1 0 1 0 5 2 1 0/0 31:53 2:56 7:08
Cody Glass 0 1 1 -1 0 0 1 1 0 0 0/0 12:02 0:00 0:00
Connor Hurley 0 0 0 -1 2 1 0 0 0 1 3/5 12:46 0:00 0:00
Evan Bouchard 0 0 0 0 0 2 0 1 1 1 0/0 27:08 2:56 7:08
Gustav Olofsson 0 0 0 1 0 2 0 1 0 2 0/0 21:57 3:13 3:01
Jordan Subban 0 0 0 0 0 0 0 0 0 1 0/0 10:42 0:00 0:35
Klim Kostin 0 0 0 0 0 2 0 0 0 0 0/2 18:30 2:37 3:23
Martin Frk 0 1 1 0 2 3 3 0 1 0 0/1 16:10 3:32 0:00
Nick Shore 1 0 1 0 2 4 2 2 1 0 19/26 21:28 3:32 5:05
Nikolai Knyzhov 0 0 0 0 0 0 0 0 0 0 0/0 10:07 0:00 0:00
Philip Broberg 0 0 0 -1 0 0 0 1 0 0 0/0 4:44 0:00 0:00
Pontus Holmberg 0 0 0 0 0 1 1 0 0 0 0/0 7:17 0:00 0:00
Raphael Lavoie 0 0 0 0 2 0 0 0 0 0 0/0 7:19 0:00 0:00
Ryan McLeod 0 0 0 0 0 1 0 0 0 1 2/2 8:00 0:00 0:38
Taro Hirose 1 0 1 -1 0 1 1 0 0 0 1/1 12:24 0:07 0:06
Tyson Jost 0 0 0 1 0 2 1 0 1 1 10/18 19:59 2:37 2:18
Yegor Sharangovich 0 1 1 1 2 2 2 1 1 0 2/4 19:57 2:37 2:12
3 Stars
1 - Jakub Vrana (S.D)
2 - Alexandre Carrier (Bak)
3 - Anton Blidh (S.D)
Power Play
Gulls - 1 on 6 Attempt(s) - 16.67%
Condors - 1 on 4 Attempt(s) - 25.00%
Penalty Kill
Gulls - 3 on 4 Attempt(s) - 75.00%
- Score 0 goal in Penalty Kill
Condors - 5 on 6 Attempt(s) - 83.33%
- Score 0 goal in Penalty Kill
Team Stat
Gulls - Hits : 17 - Faceoff Wins : 25 - Blocked Shots : 10 - Penalty Minutes : 8
Condors - Hits : 18 - Faceoff Wins : 38 - Blocked Shots : 14 - Penalty Minutes : 12
Official
Referees : Furman South and Jon McIsaac
Linesman : Shandor Alphonso and Bevan Mills
Game Notes
No Game Note
Finance
Level 1 -- Attendance: 1786 (89.30%) -- Ticket Income $125,020
Level 2 -- Attendance: 908 (90.80%) -- Ticket Income $36,320
Total Attendance: 2694 (89.80%)
Total Ticket Income: $161,340
Other Income: $8,067
Total Income: $169,407
Gulls
5 vs 5 Forward
Center Left Wing Right Wing Time % Phy DF OF
1 Logan Brown Anton Blidh Jakub Vrana 40 1 2 2
2 Morgan Frost Sergey Tolchinsky Scott Wilson 30 1 2 2
3 Luke Kunin Mikhail Maltsev Troy Terry 20 1 2 2
4 Barrett Hayton Henri Ikonen Nick Merkley 10 1 2 2
5 vs 5 Defense
Defense Defense Time % Phy DF OF
1 Dean Kukan Andrei Mironov 40 1 2 2
2 Dylan DeMelo Connor Clifton 30 1 2 2
3 Tarmo Reunanen Markus Niemelainen 20 1 2 2
4 Ryan Collins Dean Kukan 10 1 2 2
PowerPlay Forward
Center Left Wing Right Wing Time % Phy DF OF
1 Logan Brown Anton Blidh Jakub Vrana 60 1 2 2
2 Morgan Frost Sergey Tolchinsky Scott Wilson 40 1 2 2
PowerPlay Defense
Defense Defense Time % Phy DF OF
1 Dean Kukan Andrei Mironov 60 1 2 2
2 Dylan DeMelo Connor Clifton 40 1 2 2
Penalty Kill 4 Players Forward
Center Wing Time % Phy DF OF
1 Logan Brown Jakub Vrana 60 1 2 2
2 Scott Wilson Anton Blidh 40 1 2 2
Penalty Kill 4 Players Defense
Defense Defense Time % Phy DF OF
1 Dean Kukan Andrei Mironov 60 1 2 2
2 Dylan DeMelo Connor Clifton 40 1 2 2
Penalty Kill - 3 Players Forward
Forward Time % Phy DF OF
1 Logan Brown 60 1 2 2
2 Jakub Vrana 40 1 2 2
Penalty Kill - 3 Players Defense
Defense Defense Time % Phy DF OF
1 Dean Kukan Andrei Mironov 60 1 2 2
2 Dylan DeMelo Connor Clifton 40 1 2 2
4 vs 4 Forward
Center Wing Time % Phy DF OF
1 Logan Brown Jakub Vrana 60 1 2 2
2 Scott Wilson Anton Blidh 40 1 2 2
4 vs 4 Defense
Defense Defense Time % Phy DF OF
1 Dean Kukan Andrei Mironov 60 1 2 2
2 Dylan DeMelo Connor Clifton 40 1 2 2
Last Minutes Offensive
Center Left Wing Right Wing Defense Defense
Logan Brown Anton Blidh Jakub Vrana Dean Kukan Andrei Mironov
Last Minutes Defensive
Center Left Wing Right Wing Defense Defense
Logan Brown Anton Blidh Jakub Vrana Dean Kukan Andrei Mironov
Goaltenders
Starting : Louis Domingue
Backup : Eamon McAdam
Extra Forwards
Normal : Branden Troock, Francis Perron, Pavel Dorofeyev - PP : Branden Troock, Francis Perron - PK : Pavel Dorofeyev
Extra Defensemen
Normal : Tarmo Reunanen, Markus Niemelainen, Ryan Collins - PP : Tarmo Reunanen - PK : Markus Niemelainen, Ryan Collins
Penalty Shots
Logan Brown, Jakub Vrana, Scott Wilson, Anton Blidh, Sergey Tolchinsky
Custom OT Lines Forwards
Logan Brown, Jakub Vrana, Scott Wilson, Anton Blidh, Sergey Tolchinsky, Troy Terry, Morgan Frost, Luke Kunin, Mikhail Maltsev, Nick Merkley
Custom OT Lines Defensemen
Dean Kukan, Andrei Mironov, Dylan DeMelo, Connor Clifton, Tarmo Reunanen
Scratches
Damien Giroux (Healthy), Jake Pivonka (Healthy), Jack Glover (Torn Right Knee Ligaments Injury), Niklas Nordgren (Healthy), John Beecher (Healthy)
Massimo Rizzo (Healthy), Drew Helleson (Healthy), Alexis Gravel (Healthy), Connor Ingram (Healthy), Mads Sogaard (Healthy)
Condors
5 vs 5 Forward
Center Left Wing Right Wing Time % Phy DF OF
1 Tyson Jost Adam Erne Yegor Sharangovich 40 1 2 2
2 Nick Shore Klim Kostin Martin Frk 30 1 2 2
3 Connor Hurley Taro Hirose Cody Glass 20 1 2 2
4 Ryan McLeod Raphael Lavoie Pontus Holmberg 10 1 2 2
5 vs 5 Defense
Defense Defense Time % Phy DF OF
1 Alexandre Carrier Evan Bouchard 40 1 2 2
2 Gustav Olofsson Alexander Alexeyev 30 1 2 2
3 Jordan Subban Nikolai Knyzhov 20 1 2 2
4 Philip Broberg Alexandre Carrier 10 1 2 2
PowerPlay Forward
Center Left Wing Right Wing Time % Phy DF OF
1 Nick Shore Adam Erne Martin Frk 60 1 2 2
2 Tyson Jost Klim Kostin Yegor Sharangovich 40 1 2 2
PowerPlay Defense
Defense Defense Time % Phy DF OF
1 Alexandre Carrier Evan Bouchard 60 1 2 2
2 Gustav Olofsson Alexander Alexeyev 40 1 2 2
Penalty Kill 4 Players Forward
Center Wing Time % Phy DF OF
1 Nick Shore Adam Erne 60 1 2 2
2 Tyson Jost Klim Kostin 40 1 2 2
Penalty Kill 4 Players Defense
Defense Defense Time % Phy DF OF
1 Alexandre Carrier Evan Bouchard 60 1 2 2
2 Gustav Olofsson Alexander Alexeyev 40 1 2 2
Penalty Kill - 3 Players Forward
Forward Time % Phy DF OF
1 Nick Shore 60 1 2 2
2 Tyson Jost 40 1 2 2
Penalty Kill - 3 Players Defense
Defense Defense Time % Phy DF OF
1 Alexandre Carrier Evan Bouchard 60 1 2 2
2 Gustav Olofsson Alexander Alexeyev 40 1 2 2
4 vs 4 Forward
Center Wing Time % Phy DF OF
1 Nick Shore Adam Erne 60 1 2 2
2 Tyson Jost Klim Kostin 40 1 2 2
4 vs 4 Defense
Defense Defense Time % Phy DF OF
1 Alexandre Carrier Evan Bouchard 60 1 2 2
2 Gustav Olofsson Alexander Alexeyev 40 1 2 2
Last Minutes Offensive
Center Left Wing Right Wing Defense Defense
Nick Shore Adam Erne Martin Frk Alexandre Carrier Evan Bouchard
Last Minutes Defensive
Center Left Wing Right Wing Defense Defense
Nick Shore Adam Erne Martin Frk Alexandre Carrier Evan Bouchard
Goaltenders
Starting : Jaxson Stauber
Backup : Stuart Skinner
Extra Forwards
Normal : Yegor Sharangovich, Klim Kostin, Taro Hirose - PP : Yegor Sharangovich, Klim Kostin - PK : Yegor Sharangovich
Extra Defensemen
Normal : Jordan Subban, Nikolai Knyzhov, Philip Broberg - PP : Jordan Subban - PK : Jordan Subban, Nikolai Knyzhov
Penalty Shots
Adam Erne, Martin Frk, Nick Shore, Tyson Jost, Yegor Sharangovich
Custom OT Lines Forwards
Adam Erne, Martin Frk, Nick Shore, Tyson Jost, Yegor Sharangovich, Klim Kostin, Taro Hirose, Cody Glass, Connor Hurley, Pontus Holmberg
Custom OT Lines Defensemen
Alexandre Carrier, Evan Bouchard, Gustav Olofsson, Alexander Alexeyev, Jordan Subban
Scratches
Cole Cassels (Healthy), Colin White (Healthy), Semyon Der-Arguchintsev (Healthy), Jeremy Gregoire (Healthy), Robin Salo (Healthy)
Filip Kral (Healthy), Brayden Pachal (Healthy), Remi Elie (Healthy), Filip Johansson (Healthy), Lucas Johansen (Healthy)
Cole Fonstad (Healthy), Jack Perbix (Healthy), Filip Cederqvist (Healthy), Michael Dipietro (Healthy)
% Time on Ice - Gulls
Lines # - Real PCT - Wanted PCT - Time Play
Normal Forward
1 - 31% - 40% - 13:57
2 - 28% - 30% - 12:44
3 - 24% - 20% - 10:55
4 - 16% - 10% - 7:09
Normal Defense
1 - 39% - 40% - 17:15
2 - 31% - 30% - 14:03
3 - 24% - 20% - 10:39
4 - 6% - 10% - 2:48
PP Forward
1 - 57% - 60% - 5:09
2 - 43% - 40% - 3:57
PP Defense
1 - 68% - 60% - 6:12
2 - 32% - 40% - 2:54
PK Forward
1 - 81% - 60% - 4:58
2 - 19% - 40% - 1:11
PK Defense
1 - 57% - 60% - 3:30
2 - 43% - 40% - 2:39
PK3 Forward
1 - 0% - 60%
2 - 0% - 40%
PK3 Defense
1 - 0% - 60%
2 - 0% - 40%
44 Forward
1 - 81% - 60% - 0:51
2 - 19% - 40% - 0:12
44 Defense
1 - 81% - 60% - 0:51
2 - 19% - 40% - 0:12
Last Minute Offensive - 0:00
Last Minute Defensive - 0:00
Total
Forward - 61:03
Defense - 61:03
|
% Time on Ice - Condors
Lines # - Real PCT - Wanted PCT - Time Play
Normal Forward
1 - 31% - 40% - 14:02
2 - 25% - 30% - 11:24
3 - 27% - 20% - 12:02
4 - 16% - 10% - 7:17
Normal Defense
1 - 36% - 40% - 16:01
2 - 31% - 30% - 13:53
3 - 23% - 20% - 10:07
4 - 11% - 10% - 4:44
PP Forward
1 - 57% - 60% - 3:32
2 - 43% - 40% - 2:37
PP Defense
1 - 48% - 60% - 2:56
2 - 52% - 40% - 3:13
PK Forward
1 - 75% - 60% - 6:48
2 - 25% - 40% - 2:18
PK Defense
1 - 72% - 60% - 6:32
2 - 28% - 40% - 2:34
PK3 Forward
1 - 100% - 60% - 1:03
2 - 0% - 40% - 0:00
PK3 Defense
1 - 57% - 60% - 0:36
2 - 43% - 40% - 0:27
44 Forward
1 - 0% - 60%
2 - 0% - 40%
44 Defense
1 - 0% - 60%
2 - 0% - 40%
Last Minute Offensive - 0:00
Last Minute Defensive - 0:00
Total
Forward - 61:03
Defense - 61:03
|
Play-by-Play
1st period
0:01 of 1st period - Tyson Jost wins face-off versus Logan Brown in neutral zone.
0:26 of 1st period - Alexandre Carrier is hit by Scott Wilson and loses puck.
0:39 of 1st period - Slapshot by Scott Wilson.
0:39 of 1st period - Shot Blocked by Alexandre Carrier.
2:01 of 1st period - Wrist shot by Scott Wilson.
2:01 of 1st period - Shot Misses the Net.
2:42 of 1st period - Wrist shot by Anton Blidh.
2:42 of 1st period - Shot Blocked by Adam Erne.
3:14 of 1st period - Wrist shot by Martin Frk.
3:14 of 1st period - Shot Misses the Net.
3:16 of 1st period - Snap shot by Nick Shore.
3:16 of 1st period - Shot Misses the Net.
3:26 of 1st period - Andrei Mironov is hit by Taro Hirose and loses puck.
3:31 of 1st period - Snap shot by Cody Glass.
3:31 of 1st period - Deflect By Connor Hurley.
3:31 of 1st period - Shot Misses the Net.
3:31 of 1st period - Puck is out of play.
3:32 of 1st period - Tyson Jost wins face-off versus Logan Brown in Gulls zone.
3:47 of 1st period - Nikolai Knyzhov is hit by Logan Brown and loses puck.
3:58 of 1st period - Sergey Tolchinsky is hit by Martin Frk and loses puck.
4:07 of 1st period - Slapshot by Nick Shore.
4:07 of 1st period - Stopped by Louis Domingue with a rebound.
4:40 of 1st period - Connor Hurley is hit by Jakub Vrana and loses puck.
5:01 of 1st period - Andrei Mironov is hit by Adam Erne and loses puck.
5:35 of 1st period - Alexandre Carrier is hit by Morgan Frost.
6:30 of 1st period - Off-side.
6:31 of 1st period - Nick Shore wins face-off versus Luke Kunin in neutral zone.
6:34 of 1st period - Dean Kukan is hit by Nick Shore and loses puck.
6:44 of 1st period - Minor Penalty to Nick Shore for Diving.
6:45 of 1st period - Logan Brown wins face-off versus Yegor Sharangovich in Condors zone.
6:50 of 1st period - Wrist shot by Anton Blidh.
6:50 of 1st period - Stopped by Jaxson Stauber without a rebound.
6:51 of 1st period - Logan Brown wins face-off versus Adam Erne in Condors zone.
7:00 of 1st period - Wrist shot by Anton Blidh.
7:00 of 1st period - Deflect By Adam Erne.
7:00 of 1st period - Stopped by Jaxson Stauber with a rebound.
7:02 of 1st period - Snap shot by Logan Brown.
7:02 of 1st period - Shot Misses the Net.
7:06 of 1st period - Slapshot by Jakub Vrana.
7:06 of 1st period - Stopped by Jaxson Stauber with a rebound.
7:22 of 1st period - Snap shot by Morgan Frost.
7:22 of 1st period - Deflect By Sergey Tolchinsky.
7:22 of 1st period - Stopped by Jaxson Stauber with a rebound.
7:24 of 1st period - Slapshot by Sergey Tolchinsky.
7:24 of 1st period - Shot Blocked by Evan Bouchard.
7:26 of 1st period - Slapshot by Andrei Mironov.
7:26 of 1st period - Shot Misses the Net.
7:37 of 1st period - Icing by Connor Clifton.
7:38 of 1st period - Logan Brown wins face-off versus Yegor Sharangovich in Gulls zone.
8:07 of 1st period - Slapshot by Morgan Frost.
8:07 of 1st period - Shot Misses the Net.
8:44 of 1st period - Penalty to Nick Shore is over, Nick Shore is back on ice.
8:51 of 1st period - Slapshot by Connor Hurley.
8:51 of 1st period - Stopped by Louis Domingue with a rebound.
9:10 of 1st period - Off-side.
9:11 of 1st period - Ryan McLeod wins face-off versus Barrett Hayton in neutral zone.
9:14 of 1st period - Barrett Hayton is hit by Pontus Holmberg and loses puck.
9:25 of 1st period - Snap shot by Ryan McLeod.
9:25 of 1st period - Shot Misses the Net.
9:27 of 1st period - Wrist shot by Alexander Alexeyev.
9:27 of 1st period - Shot Misses the Net.
9:56 of 1st period - Off-side.
9:57 of 1st period - Tyson Jost wins face-off versus Morgan Frost in neutral zone.
10:10 of 1st period - Wrist shot by Adam Erne.
10:10 of 1st period - Stopped by Louis Domingue with a rebound.
10:32 of 1st period - Slapshot by Yegor Sharangovich.
10:32 of 1st period - Shot Misses the Net.
10:34 of 1st period - Slapshot by Alexandre Carrier.
10:34 of 1st period - Deflect By Scott Wilson.
10:34 of 1st period - Goal by Alexandre Carrier - Gulls : 0 - Condors : 1.
10:35 of 1st period - Nick Shore wins face-off versus Logan Brown in neutral zone.
10:40 of 1st period - Snap shot by Martin Frk.
10:40 of 1st period - Shot Blocked by Jakub Vrana.
10:42 of 1st period - Snap shot by Nick Shore.
10:42 of 1st period - Shot Misses the Net.
10:44 of 1st period - Snap shot by Nick Shore.
10:44 of 1st period - Shot Misses the Net.
10:46 of 1st period - Snap shot by Klim Kostin.
10:46 of 1st period - Stopped by Louis Domingue with a rebound.
10:48 of 1st period - Slapshot by Evan Bouchard.
10:48 of 1st period - Shot Misses the Net.
10:50 of 1st period - Wrist shot by Alexandre Carrier.
10:50 of 1st period - Deflect By Nick Shore.
10:50 of 1st period - Stopped by Louis Domingue without a rebound.
10:51 of 1st period - Morgan Frost wins face-off versus Adam Erne in Gulls zone.
10:56 of 1st period - Slapshot by Sergey Tolchinsky.
10:56 of 1st period - Shot Blocked by Alexandre Carrier.
11:25 of 1st period - Alexandre Carrier is hit by Anton Blidh and loses puck.
12:10 of 1st period - Dean Kukan is hit by Tyson Jost and loses puck.
12:21 of 1st period - Ryan McLeod is hit by Scott Wilson and loses puck.
12:45 of 1st period - Morgan Frost is hit by Martin Frk and loses puck.
12:53 of 1st period - Off-side.
12:54 of 1st period - Connor Hurley wins face-off versus Logan Brown in neutral zone.
13:10 of 1st period - Slapshot by Anton Blidh.
13:10 of 1st period - Stopped by Jaxson Stauber with a rebound.
13:35 of 1st period - Dylan DeMelo is hit by Cody Glass and loses puck.
13:40 of 1st period - Snap shot by Cody Glass.
13:40 of 1st period - Shot Misses the Net.
14:17 of 1st period - Snap shot by Nick Merkley.
14:17 of 1st period - Shot Misses the Net.
14:19 of 1st period - Wrist shot by Barrett Hayton.
14:19 of 1st period - Deflect By Connor Hurley.
14:19 of 1st period - Stopped by Jaxson Stauber without a rebound.
14:20 of 1st period - Tyson Jost wins face-off versus Logan Brown in Condors zone.
14:31 of 1st period - Tyson Jost is hit by Anton Blidh and loses puck.
14:46 of 1st period - Morgan Frost is hit by Martin Frk and loses puck.
15:12 of 1st period - Icing by Morgan Frost.
15:13 of 1st period - Ryan McLeod wins face-off versus Luke Kunin in Gulls zone.
15:18 of 1st period - Slapshot by Alexandre Carrier.
15:18 of 1st period - Shot Blocked by Dean Kukan.
15:43 of 1st period - Snap shot by Ryan McLeod.
15:43 of 1st period - Deflect By Pontus Holmberg.
15:43 of 1st period - Stopped by Louis Domingue without a rebound.
15:44 of 1st period - Logan Brown wins face-off versus Tyson Jost in Gulls zone.
15:44 of 1st period - Logan Brown is hit by Adam Erne.
15:50 of 1st period - Tyson Jost is hit by Logan Brown and loses puck.
15:59 of 1st period - Logan Brown is hit by Yegor Sharangovich and loses puck.
16:44 of 1st period - Snap shot by Taro Hirose.
16:44 of 1st period - Goal by Taro Hirose - Gulls : 0 - Condors : 2.
16:45 of 1st period - Logan Brown wins face-off versus Adam Erne in neutral zone.
16:58 of 1st period - Snap shot by Anton Blidh.
16:58 of 1st period - Stopped by Jaxson Stauber with a rebound.
17:00 of 1st period - Slapshot by Dean Kukan.
17:00 of 1st period - Shot Blocked by Adam Erne.
17:17 of 1st period - Nick Shore is hit by Tarmo Reunanen and loses puck.
18:30 of 1st period - Wrist shot by Scott Wilson.
18:30 of 1st period - Shot Misses the Net.
18:43 of 1st period - Minor Penalty to Logan Brown for Delaying the game.
18:44 of 1st period - Pavel Dorofeyev wins face-off versus Nick Shore in Gulls zone.
18:53 of 1st period - Slapshot by Alexandre Carrier.
18:53 of 1st period - Deflect By Martin Frk.
18:53 of 1st period - Stopped by Louis Domingue with a rebound.
18:55 of 1st period - Snap shot by Nick Shore.
18:55 of 1st period - Goal by Nick Shore - Gulls : 0 - Condors : 3.
18:56 of 1st period - Logan Brown wins face-off versus Tyson Jost in neutral zone.
18:59 of 1st period - Alexandre Carrier is hit by Jakub Vrana and loses puck.
19:04 of 1st period - Wrist shot by Anton Blidh.
19:04 of 1st period - Shot Blocked by Yegor Sharangovich.
19:06 of 1st period - Slapshot by Andrei Mironov.
19:06 of 1st period - Shot Blocked by Alexandre Carrier.
19:08 of 1st period - Slapshot by Andrei Mironov.
19:08 of 1st period - Shot Misses the Net.
19:18 of 1st period - Minor Penalty to Yegor Sharangovich for Tripping.
19:19 of 1st period - Nick Shore wins face-off versus Logan Brown in Condors zone.
19:56 of 1st period - Slapshot by Andrei Mironov.
19:56 of 1st period - Stopped by Jaxson Stauber without a rebound.
19:57 of 1st period - Scott Wilson wins face-off versus Tyson Jost in Condors zone.
Goals for this period are 0 for Gulls vs 3 for Condors.
Shots for this period are 8 for Gulls vs 10 for Condors.
2nd period
0:01 of 2nd period - Logan Brown wins face-off versus Nick Shore in neutral zone.
0:04 of 2nd period - Adam Erne is hit by Anton Blidh and loses puck.
1:18 of 2nd period - Penalty to Yegor Sharangovich is over, Yegor Sharangovich is back on ice.
1:38 of 2nd period - Slapshot by Connor Hurley.
1:38 of 2nd period - Shot Misses the Net.
3:04 of 2nd period - Wrist shot by Scott Wilson.
3:04 of 2nd period - Stopped by Jaxson Stauber with a rebound.
3:16 of 2nd period - Dylan DeMelo is hit by Nick Shore and loses puck.
3:37 of 2nd period - Wrist shot by Luke Kunin.
3:37 of 2nd period - Stopped by Jaxson Stauber with a rebound.
3:39 of 2nd period - Wrist shot by Troy Terry.
3:39 of 2nd period - Shot Misses the Net.
3:41 of 2nd period - Wrist shot by Mikhail Maltsev.
3:41 of 2nd period - Shot Misses the Net.
4:24 of 2nd period - Wrist shot by Nick Shore.
4:24 of 2nd period - Shot Blocked by Tarmo Reunanen.
4:42 of 2nd period - Snap shot by Scott Wilson.
4:42 of 2nd period - Shot Misses the Net.
5:00 of 2nd period - Slapshot by Troy Terry.
5:00 of 2nd period - Stopped by Jaxson Stauber with a rebound.
5:02 of 2nd period - Slapshot by Tarmo Reunanen.
5:02 of 2nd period - Stopped by Jaxson Stauber without a rebound.
5:03 of 2nd period - Scott Wilson wins face-off versus Nick Shore in Condors zone.
6:28 of 2nd period - Snap shot by Mikhail Maltsev.
6:28 of 2nd period - Shot Misses the Net.
7:28 of 2nd period - Wrist shot by Scott Wilson.
7:28 of 2nd period - Stopped by Jaxson Stauber without a rebound.
7:29 of 2nd period - Tyson Jost wins face-off versus Morgan Frost in Condors zone.
7:36 of 2nd period - Wrist shot by Scott Wilson.
7:36 of 2nd period - Shot Misses the Net.
7:38 of 2nd period - Slapshot by Dylan DeMelo.
7:38 of 2nd period - Shot Misses the Net.
7:40 of 2nd period - Wrist shot by Sergey Tolchinsky.
7:40 of 2nd period - Stopped by Jaxson Stauber with a rebound.
7:46 of 2nd period - Wrist shot by Sergey Tolchinsky.
7:46 of 2nd period - Stopped by Jaxson Stauber with a rebound.
8:31 of 2nd period - Snap shot by Sergey Tolchinsky.
8:31 of 2nd period - Stopped by Jaxson Stauber without a rebound.
8:32 of 2nd period - Nick Shore wins face-off versus Logan Brown in Condors zone.
8:37 of 2nd period - Snap shot by Martin Frk.
8:37 of 2nd period - Shot Blocked by Logan Brown.
8:39 of 2nd period - Slapshot by Nick Shore.
8:39 of 2nd period - Shot Misses the Net.
8:41 of 2nd period - Snap shot by Evan Bouchard.
8:41 of 2nd period - Stopped by Louis Domingue without a rebound.
8:42 of 2nd period - Nick Shore wins face-off versus Logan Brown in Gulls zone.
8:45 of 2nd period - Wrist shot by Nick Shore.
8:45 of 2nd period - Shot Misses the Net.
8:47 of 2nd period - Wrist shot by Klim Kostin.
8:47 of 2nd period - Deflect By Nick Shore.
8:47 of 2nd period - Shot Blocked by Dylan DeMelo.
8:47 of 2nd period - Puck is out of play.
8:48 of 2nd period - Nick Shore wins face-off versus Logan Brown in Gulls zone.
9:24 of 2nd period - Wrist shot by Henri Ikonen.
9:24 of 2nd period - Stopped by Jaxson Stauber with a rebound.
9:26 of 2nd period - Snap shot by Dylan DeMelo.
9:26 of 2nd period - Stopped by Jaxson Stauber with a rebound.
10:34 of 2nd period - Snap shot by Martin Frk.
10:34 of 2nd period - Stopped by Louis Domingue without a rebound.
10:35 of 2nd period - Nick Shore wins face-off versus Logan Brown in Gulls zone.
10:43 of 2nd period - Off-side.
10:44 of 2nd period - Nick Shore wins face-off versus Logan Brown in neutral zone.
10:57 of 2nd period - Snap shot by Martin Frk.
10:57 of 2nd period - Shot Blocked by Dylan DeMelo.
10:59 of 2nd period - Slapshot by Gustav Olofsson.
10:59 of 2nd period - Stopped by Louis Domingue without a rebound.
11:00 of 2nd period - Morgan Frost wins face-off versus Tyson Jost in Gulls zone.
11:35 of 2nd period - Wrist shot by Martin Frk.
11:35 of 2nd period - Stopped by Louis Domingue with a rebound.
12:29 of 2nd period - Snap shot by Morgan Frost.
12:29 of 2nd period - Deflect By Sergey Tolchinsky.
12:29 of 2nd period - Stopped by Jaxson Stauber with a rebound.
12:31 of 2nd period - Wrist shot by Andrei Mironov.
12:31 of 2nd period - Stopped by Jaxson Stauber without a rebound.
12:32 of 2nd period - Morgan Frost wins face-off versus Tyson Jost in Condors zone.
12:49 of 2nd period - Slapshot by Connor Clifton.
12:49 of 2nd period - Shot Misses the Net.
12:51 of 2nd period - Slapshot by Connor Clifton.
12:51 of 2nd period - Stopped by Jaxson Stauber without a rebound.
12:52 of 2nd period - Logan Brown wins face-off versus Klim Kostin in Condors zone.
13:06 of 2nd period - Snap shot by Jakub Vrana.
13:06 of 2nd period - Shot Misses the Net.
13:14 of 2nd period - Minor Penalty to Martin Frk for Holding Stick.
13:15 of 2nd period - Nick Shore wins face-off versus Logan Brown in Condors zone.
13:28 of 2nd period - Wrist shot by Jakub Vrana.
13:28 of 2nd period - Goal by Jakub Vrana - Gulls : 1 - Condors : 3.
13:29 of 2nd period - Logan Brown wins face-off versus Tyson Jost in neutral zone.
13:40 of 2nd period - Slapshot by Tyson Jost.
13:40 of 2nd period - Shot Misses the Net.
13:47 of 2nd period - Icing by Andrei Mironov.
13:48 of 2nd period - Nick Shore wins face-off versus Logan Brown in Gulls zone.
13:51 of 2nd period - Slapshot by Nick Shore.
13:51 of 2nd period - Deflect By Martin Frk.
13:51 of 2nd period - Shot Blocked by Jakub Vrana.
13:51 of 2nd period - Puck is out of play.
13:52 of 2nd period - Logan Brown wins face-off versus Klim Kostin in Gulls zone.
14:20 of 2nd period - Icing by Dean Kukan.
14:21 of 2nd period - Morgan Frost wins face-off versus Connor Hurley in Gulls zone.
16:00 of 2nd period - Cody Glass is hit by Connor Clifton.
16:34 of 2nd period - Slapshot by Troy Terry.
16:34 of 2nd period - Stopped by Jaxson Stauber without a rebound.
16:35 of 2nd period - Nick Shore wins face-off versus Luke Kunin in Condors zone.
16:35 of 2nd period - Nick Shore is hit by Mikhail Maltsev.
16:43 of 2nd period - Snap shot by Klim Kostin.
16:43 of 2nd period - Stopped by Louis Domingue with a rebound.
16:45 of 2nd period - Minor Penalty to Markus Niemelainen for High sticking.
16:46 of 2nd period - Logan Brown wins face-off versus Nick Shore in Gulls zone.
16:55 of 2nd period - Snap shot by Alexandre Carrier.
16:55 of 2nd period - Shot Blocked by Andrei Mironov.
16:59 of 2nd period - Wrist shot by Nick Shore.
16:59 of 2nd period - Stopped by Louis Domingue with a rebound.
17:39 of 2nd period - Slapshot by Dylan DeMelo.
17:39 of 2nd period - Shot Misses the Net.
17:41 of 2nd period - Snap shot by Dylan DeMelo.
17:41 of 2nd period - Shot Blocked by Gustav Olofsson.
17:43 of 2nd period - Wrist shot by Anton Blidh.
17:43 of 2nd period - Deflect By Pavel Dorofeyev.
17:43 of 2nd period - Shot Misses the Net.
17:43 of 2nd period - Puck is out of play.
17:44 of 2nd period - Nick Shore wins face-off versus Pavel Dorofeyev in Condors zone.
17:55 of 2nd period - Anton Blidh is hit by Adam Erne and loses puck.
18:10 of 2nd period - Dylan DeMelo is hit by Yegor Sharangovich and loses puck.
18:27 of 2nd period - Slapshot by Gustav Olofsson.
18:27 of 2nd period - Shot Misses the Net.
18:45 of 2nd period - Penalty to Markus Niemelainen is over, Markus Niemelainen is back on ice.
18:45 of 2nd period - Wrist shot by Dean Kukan.
18:45 of 2nd period - Shot Blocked by Alexandre Carrier.
19:03 of 2nd period - Slapshot by Dean Kukan.
19:03 of 2nd period - Stopped by Jaxson Stauber with a rebound.
19:05 of 2nd period - Snap shot by Mikhail Maltsev.
19:05 of 2nd period - Goal by Mikhail Maltsev - Gulls : 2 - Condors : 3.
19:06 of 2nd period - Tyson Jost wins face-off versus Logan Brown in neutral zone.
19:36 of 2nd period - Slapshot by Gustav Olofsson.
19:36 of 2nd period - Shot Misses the Net.
19:38 of 2nd period - Snap shot by Martin Frk.
19:38 of 2nd period - Shot Misses the Net.
Goals for this period are 2 for Gulls vs 0 for Condors.
Shots for this period are 17 for Gulls vs 6 for Condors.
3rd period
0:01 of 3rd period - Tyson Jost wins face-off versus Logan Brown in neutral zone.
0:08 of 3rd period - Snap shot by Yegor Sharangovich.
0:08 of 3rd period - Stopped by Louis Domingue with a rebound.
0:10 of 3rd period - Snap shot by Evan Bouchard.
0:10 of 3rd period - Deflect By Tyson Jost.
0:10 of 3rd period - Stopped by Louis Domingue with a rebound.
0:12 of 3rd period - Wrist shot by Tyson Jost.
0:12 of 3rd period - Shot Blocked by Dean Kukan.
0:14 of 3rd period - Wrist shot by Tyson Jost.
0:14 of 3rd period - Shot Misses the Net.
0:16 of 3rd period - Slapshot by Evan Bouchard.
0:16 of 3rd period - Stopped by Louis Domingue with a rebound.
1:09 of 3rd period - Minor Penalty to Luke Kunin for Tripping.
1:10 of 3rd period - Nick Shore wins face-off versus Jakub Vrana in Gulls zone.
2:01 of 3rd period - Logan Brown is hit by Alexander Alexeyev and loses puck.
3:08 of 3rd period - Pavel Dorofeyev is hit by Alexander Alexeyev and loses puck.
3:09 of 3rd period - Penalty to Luke Kunin is over, Luke Kunin is back on ice.
4:01 of 3rd period - Wrist shot by Jordan Subban.
4:01 of 3rd period - Shot Blocked by Barrett Hayton.
4:38 of 3rd period - Icing by Cody Glass.
4:39 of 3rd period - Connor Hurley wins face-off versus Morgan Frost in Condors zone.
4:44 of 3rd period - Taro Hirose is hit by Connor Clifton and loses puck.
5:10 of 3rd period - Minor Penalty to Raphael Lavoie for Slashing.
5:11 of 3rd period - Nick Shore wins face-off versus Logan Brown in Condors zone.
5:22 of 3rd period - Snap shot by Logan Brown.
5:22 of 3rd period - Stopped by Jaxson Stauber without a rebound.
5:23 of 3rd period - Nick Shore wins face-off versus Logan Brown in Condors zone.
5:32 of 3rd period - Slapshot by Dean Kukan.
5:32 of 3rd period - Stopped by Jaxson Stauber with a rebound.
7:10 of 3rd period - Penalty to Raphael Lavoie is over, Raphael Lavoie is back on ice.
7:41 of 3rd period - Snap shot by Cody Glass.
7:41 of 3rd period - Shot Misses the Net.
7:47 of 3rd period - Slapshot by Connor Hurley.
7:47 of 3rd period - Shot Misses the Net.
7:55 of 3rd period - Minor Penalty to Barrett Hayton for Holding.
7:56 of 3rd period - Adam Erne wins face-off versus Logan Brown in Gulls zone.
8:22 of 3rd period - Logan Brown is hit by Alexander Alexeyev and loses puck.
9:55 of 3rd period - Penalty to Barrett Hayton is over, Barrett Hayton is back on ice.
10:29 of 3rd period - Snap shot by Ryan McLeod.
10:29 of 3rd period - Stopped by Louis Domingue with a rebound.
12:21 of 3rd period - Yegor Sharangovich is hit by Mikhail Maltsev and loses puck.
12:58 of 3rd period - Slapshot by Logan Brown.
12:58 of 3rd period - Shot Blocked by Alexandre Carrier.
13:17 of 3rd period - Wrist shot by Nick Shore.
13:17 of 3rd period - Shot Misses the Net.
13:19 of 3rd period - Snap shot by Klim Kostin.
13:19 of 3rd period - Shot Misses the Net.
13:53 of 3rd period - Wrist shot by Logan Brown.
13:53 of 3rd period - Shot Misses the Net.
13:55 of 3rd period - Wrist shot by Anton Blidh.
13:55 of 3rd period - Shot Blocked by Philip Broberg.
13:57 of 3rd period - Wrist shot by Anton Blidh.
13:57 of 3rd period - Shot Blocked by Cody Glass.
14:01 of 3rd period - Snap shot by Anton Blidh.
14:01 of 3rd period - Shot Misses the Net.
14:03 of 3rd period - Snap shot by Jakub Vrana.
14:03 of 3rd period - Goal by Jakub Vrana - Gulls : 3 - Condors : 3.
14:04 of 3rd period - Sergey Tolchinsky wins face-off versus Tyson Jost in neutral zone.
14:06 of 3rd period - Off-side.
14:07 of 3rd period - Morgan Frost wins face-off versus Tyson Jost in neutral zone.
14:11 of 3rd period - Minor Penalty to Alexander Alexeyev for High sticking.
14:12 of 3rd period - Nick Shore wins face-off versus Jakub Vrana in Condors zone.
14:49 of 3rd period - Adam Erne is hit by Dean Kukan and loses puck.
15:44 of 3rd period - Icing by Morgan Frost.
15:45 of 3rd period - Yegor Sharangovich wins face-off versus Morgan Frost in Gulls zone.
15:49 of 3rd period - Icing by Scott Wilson.
15:50 of 3rd period - Yegor Sharangovich wins face-off versus Morgan Frost in Gulls zone.
15:59 of 3rd period - Wrist shot by Yegor Sharangovich.
15:59 of 3rd period - Stopped by Louis Domingue without a rebound.
16:00 of 3rd period - Logan Brown wins face-off versus Nick Shore in Gulls zone.
16:02 of 3rd period - Icing by Jakub Vrana.
16:03 of 3rd period - Nick Shore wins face-off versus Logan Brown in Gulls zone.
16:04 of 3rd period - Snap shot by Adam Erne.
16:04 of 3rd period - Shot Misses the Net.
16:11 of 3rd period - Penalty to Alexander Alexeyev is over, Alexander Alexeyev is back on ice.
16:12 of 3rd period - Snap shot by Logan Brown.
16:12 of 3rd period - Stopped by Jaxson Stauber without a rebound.
16:13 of 3rd period - Tyson Jost wins face-off versus Logan Brown in Condors zone.
16:32 of 3rd period - Evan Bouchard is hit by Jakub Vrana and loses puck.
17:19 of 3rd period - Scott Wilson is hit by Alexander Alexeyev and loses puck.
17:56 of 3rd period - Snap shot by Tyson Jost.
17:56 of 3rd period - Stopped by Louis Domingue with a rebound.
18:00 of 3rd period - Wrist shot by Adam Erne.
18:00 of 3rd period - Stopped by Louis Domingue without a rebound.
18:01 of 3rd period - Taro Hirose wins face-off versus Luke Kunin in Gulls zone.
18:02 of 3rd period - Snap shot by Cody Glass.
18:02 of 3rd period - Deflect By Taro Hirose.
18:02 of 3rd period - Shot Misses the Net.
18:02 of 3rd period - Puck is out of play.
18:03 of 3rd period - Connor Hurley wins face-off versus Luke Kunin in Gulls zone.
18:33 of 3rd period - Snap shot by Adam Erne.
18:33 of 3rd period - Stopped by Louis Domingue without a rebound.
18:34 of 3rd period - Tyson Jost wins face-off versus Logan Brown in Gulls zone.
18:41 of 3rd period - Snap shot by Adam Erne.
18:41 of 3rd period - Deflect By Jakub Vrana.
18:41 of 3rd period - Stopped by Louis Domingue without a rebound.
18:42 of 3rd period - Tyson Jost wins face-off versus Logan Brown in Gulls zone.
18:57 of 3rd period - Off-side.
18:58 of 3rd period - Luke Kunin wins face-off versus Connor Hurley in neutral zone.
19:01 of 3rd period - Slapshot by Andrei Mironov.
19:01 of 3rd period - Shot Misses the Net.
19:03 of 3rd period - Minor Penalty to Connor Hurley for Holding Stick.
19:04 of 3rd period - Nick Shore wins face-off versus Logan Brown in Condors zone.
19:38 of 3rd period - Wrist shot by Morgan Frost.
19:38 of 3rd period - Shot Misses the Net.
19:40 of 3rd period - Slapshot by Dean Kukan.
19:40 of 3rd period - Shot Misses the Net.
Goals for this period are 1 for Gulls vs 0 for Condors.
Shots for this period are 4 for Gulls vs 9 for Condors.
Overtime #1
0:01 of 1st overtime period - Logan Brown wins face-off versus Nick Shore in neutral zone.
0:42 of 1st overtime period - Slapshot by Andrei Mironov.
0:42 of 1st overtime period - Shot Misses the Net.
0:50 of 1st overtime period - Slapshot by Gustav Olofsson.
0:50 of 1st overtime period - Deflect By Yegor Sharangovich.
0:50 of 1st overtime period - Shot Misses the Net.
0:50 of 1st overtime period - Puck is out of play.
0:51 of 1st overtime period - Nick Shore wins face-off versus Logan Brown in Gulls zone.
0:52 of 1st overtime period - Slapshot by Gustav Olofsson.
0:52 of 1st overtime period - Stopped by Louis Domingue with a rebound.
0:55 of 1st overtime period - Icing by Logan Brown.
0:56 of 1st overtime period - Logan Brown wins face-off versus Nick Shore in Gulls zone.
1:03 of 1st overtime period - Penalty to Connor Hurley is over, Connor Hurley is back on ice.
1:21 of 1st overtime period - Wrist shot by Dylan DeMelo.
1:21 of 1st overtime period - Shot Blocked by Nick Shore.
3:05 of 1st overtime period - Icing by Dean Kukan.
3:06 of 1st overtime period - Morgan Frost wins face-off versus Martin Frk in Gulls zone.
3:15 of 1st overtime period - Snap shot by Morgan Frost.
3:15 of 1st overtime period - Stopped by Jaxson Stauber with a rebound.
3:33 of 1st overtime period - Wrist shot by Logan Brown.
3:33 of 1st overtime period - Shot Blocked by Nick Shore.
Goals for this period are 0 for Gulls vs 0 for Condors.
Shots for this period are 1 for Gulls vs 1 for Condors.
ShootOut
5:00 of 1st overtime period - Round #1.
5:00 of 1st overtime period - Gulls, Logan Brown.
5:00 of 1st overtime period - Deke by Logan Brown.
5:00 of 1st overtime period - Shot Misses the Net.
5:00 of 1st overtime period - Condors, Adam Erne.
5:00 of 1st overtime period - Backhand shot by Adam Erne.
5:00 of 1st overtime period - Stopped by Louis Domingue.
5:00 of 1st overtime period - Round #2.
5:00 of 1st overtime period - Gulls, Jakub Vrana.
5:00 of 1st overtime period - Wrist shot by Jakub Vrana.
5:00 of 1st overtime period - Goal by Jakub Vrana.
5:00 of 1st overtime period - Condors, Martin Frk.
5:00 of 1st overtime period - Backhand shot by Martin Frk.
5:00 of 1st overtime period - Goal by Martin Frk.
5:00 of 1st overtime period - Round #3.
5:00 of 1st overtime period - Gulls, Scott Wilson.
5:00 of 1st overtime period - Backhand shot by Scott Wilson.
5:00 of 1st overtime period - Stopped by Jaxson Stauber.
5:00 of 1st overtime period - Condors, Nick Shore.
5:00 of 1st overtime period - Backhand shot by Nick Shore.
5:00 of 1st overtime period - Goal by Nick Shore.